 Dungeon Crawl Stone Soup version 0.25-a0-780-g622e69b (webtiles) character file.

Game seed: 16195125703605259192, levelgen mode: deterministic

30 BlueFish the Magician (level 3, -1/25 HPs)
             Began as a Mummy Wizard on Apr 15, 2020.
             Killed from afar by Sigmund (5 damage)
             ... with a magic dart
             ... on level 2 of the Dungeon.
             The game lasted 00:03:44 (2074 turns).

BlueFish the Magician (Mummy Wizard)                Turns: 2074, Time: 00:03:45

Health: -1/25      AC:  2    Str: 10    XL:     3   Next: 3%
Magic:  2/9        EV: 12    Int: 18    God:
Gold:   56         SH:  0    Dex: 10    Spells: 2/12 levels left

rFire    . . .     SeeInvis .   d - +0 whip
rCold    + . .     Gourm    .   (no shield)
rNeg     + + +     Faith    .   a - +0 robe
rPois    ∞         Spirit   .   b - +0 hat
rElec    .         Reflect  .   (no cloak)
rCorr    .         Harm     .   (no gloves)
MR       .....                  (no boots)
Stlth    ++........             (no amulet)
HPRegen  0.08/turn              c - ring of protection from fire
MPRegen  0.11/turn              (no ring)

@: very slightly contaminated
A: no food or potions, fire vulnerability, cold resistance 1, negative energy
resistance 3, torment resistance, unbreathing
a: no special abilities


You were on level 2 of the Dungeon.
You were not hungry.

You visited 1 branch of the dungeon, and saw 2 of its levels.

You collected 56 gold pieces.

Inventory:

Hand Weapons
 d - a +0 whip (weapon)
Armour
 a - a +0 robe (worn)
 b - a +0 hat (worn)
Jewellery
 c - a ring of protection from fire (left hand)


   Skills:
 * Level 0.4 Fighting
 * Level 1.9 Dodging
 * Level 1.6 Stealth
 * Level 5.0 Spellcasting
 + Level 0.8 Conjurations
 + Level 0.7 Summonings
 + Level 0.7 Translocations


You had 2 spell levels left.
You knew the following spells:

 Your Spells              Type           Power        Failure   Level  Hunger
a - Magic Dart            Conj           #...         10%         1    N/A
b - Blink                 Tloc           N/A          16%         2    N/A
c - Call Imp              Summ           #.......     16%         2    N/A
d - Slow                  Hex            #.......     21%         2    N/A
e - Mephitic Cloud        Conj/Pois/Air  #.......     34%         3    N/A

Your spell library contained the following spells:

 Spells                   Type           Power        Failure   Level  Hunger
 Conjure Flame            Conj/Fire      #.......     34%         3    N/A

Dungeon Overview and Level Annotations

Branches:
Dungeon (2/15)

Altars:

Annotations:
D:2 Sigmund


Innate Abilities, Weirdness & Mutations

You do not eat or drink.
Your flesh is vulnerable to fire.
You are immune to poison.
Your flesh is cold resistant. (rC+)
You are immune to negative energy. (rN+++)
You are immune to unholy pain and torment.
You can survive without breathing.


Message History

Press: ? - help, v - describe, . - travel
Here: a nameless horror (durably summoned)
A stone staircase leading down.
Your crimson imp blinks!
Send 'em back where they came from!
Your crimson imp shudders.
Your crimson imp blinks!
Sigmund hits you from afar with a +0 scythe!
Send 'em back where they came from!
Found 6 gold pieces.
Found a spear.
Sigmund points at you and mumbles some strange words.
The magic dart hits you.
Your crimson imp disappears in a puff of smoke!
Sigmund hits you from afar with a +0 scythe!
* * * LOW HITPOINT WARNING * * *
Sigmund says, "Look into my eyes."
Sigmund gestures at you while chanting. The magic dart hits you.
You die...

#.# #.#. ##.### ...
.....# #@#.# #####
#..#.###.# .###...#
#..#>.X.## ##......###
#..#..##@###.#..$....#
####
...#!.###.#.X@.......#
#... #..#..#
##.###.......# #)##
#.....# ### ###@..###
#.# #.##... #..)#
##.## ...#### #..##
#...# ..... #?.#
###...# ...# #).#
###...... (..# ##..##
.......... .#.# #....
..##...... #..# .=.# #
###...# ...# #..#
#...#


You could see a nameless horror and Sigmund.

Vanquished Creatures
  3 giant cockroaches (D:1)
  3 goblins (D:1)
  5 hobgoblins (D:1)
  A bat (D:1)
  8 kobolds
  4 rats
24 creatures vanquished.

Vanquished Creatures (collateral kills)
  A worm (D:2)
1 creature vanquished.

Grand Total: 25 creatures vanquished

Notes
Turn   | Place    | Note
-------+----------+-------------------------------------------
     0 | D:1      | BlueFish the Mummy Wizard began the quest for the Orb.
     0 | D:1      | Reached XP level 1. HP: 13/13 MP: 5/5
   274 | D:1      | Reached XP level 2. HP: 17/19 MP: 0/7
   278 | D:1      | Learned a level 2 spell: Blink
   281 | D:1      | Learned a level 2 spell: Call Imp
   284 | D:1      | Learned a level 2 spell: Slow
  1532 | D:2      | Noticed Sigmund
  1780 | D:2      | Reached skill level 5 in Spellcasting
  1971 | D:2      | Reached XP level 3. HP: 25/25 MP: 2/9
  1977 | D:2      | Learned a level 3 spell: Mephitic Cloud
  2064 | D:2      | Noticed a nameless horror
  2074 | D:2      | Killed from afar by Sigmund

Levels and vault maps discovered:
D:1:      lemuel_arrival_muddy, layout_basic
D:2:      layout_loops_ring, uniq_sigmund

Skill      XL: |  1  2 |
---------------+-------+-----
Spellcasting   | 5 |  5.0
Fighting       | |  0.4
Dodging        | |  1.9
Stealth        | |  1.6
Conjurations   | |  0.8
Summonings     | |  0.7
Translocations | |  0.7

Action                   || total
-------------------------++-------
Melee: Whip              ||    14
 Cast: Magic Dart        ||    59
       Call Imp          ||     9
Armor: Robe              ||     2
Dodge: Dodged            ||    18

Table legend:
 A = Non-vault XP
 B = Vault XP
 C = Vault XP percentage of total XP
 D = Non-vault monster count
 E = Vault monster count
 F = Vault count percentage of total count
                 A         B        C        D         E       F
            +---------+---------+-------+---------+---------+-------
      Total |      43 |       0 |   0.0 |      25 |       0 |   0.0
            +---------+---------+-------+---------+---------+-------
        D:1 |      35 |       0 |   0.0 |      21 |       0 |   0.0
        D:2 |       8 |       0 |   0.0 |       4 |       0 |   0.0
            +---------+---------+-------+---------+---------+-------
